 Dungeon Crawl Stone Soup version 0.23.2-40-g277498a001 (webtiles) character file.

Game seed: 4975047800520747306

232 Exodus22XD the Conjurer (level 5, -1/28 HPs)
             Began as a Deep Elf Wizard on Sept 23, 2019.
             Slain by an orc
             ... wielding a +0 whip
              (7 damage)
             ... on level 3 of the Dungeon.
             The game lasted 00:08:16 (2433 turns).

Exodus22XD the Conjurer (Deep Elf Wizard)           Turns: 2433, Time: 00:08:17

Health: -1/28      AC:  2    Str:  4    XL:     5   Next: 73%
Magic:  0/13       EV: 13    Int: 24    God:
Gold:   100        SH:  0    Dex: 19    Spells: 1/12 levels left

rFire    . . .     SeeInvis .   l - +0 dagger
rCold    . . .     Gourm    .   (no shield)
rNeg     . . .     Faith    .   a - +0 robe
rPois    .         Spirit   .   b - +0 hat
rElec    .         Reflect  .   (no cloak)
rCorr    .         Harm     .   (no gloves)
MR       .....                  (no boots)
Stlth    ++........             (no amulet)
HPRegen  0.09/turn              s - +6 ring of dexterity
MPRegen  0.13/turn              (no ring)

@: very slightly contaminated
A: no striking features
a: no special abilities


You were on level 3 of the Dungeon.
You were not hungry.

You visited 1 branch of the dungeon, and saw 3 of its levels.

You collected 100 gold pieces.

Inventory:

Hand Weapons
 l - a +0 dagger (weapon)
Armour
 a - a +0 robe (worn)
 b - a +0 hat (worn)
Jewellery
 s - a +6 ring of dexterity (left hand)
Scrolls
 g - a scroll of fear {unknown}
 h - 4 scrolls of remove curse
 k - 3 scrolls of teleportation {unknown}
 m - 2 scrolls of noise {unknown}
 p - 3 scrolls of identify {unknown}
Potions
 e - a potion of might {unknown}
 f - a potion of heal wounds {unknown}
 i - a potion of resistance {unknown}
 j - a potion of lignification {unknown}
 n - a potion of agility {unknown}
 o - a potion of curing
 q - a potion of ambrosia {unknown}
 r - 2 potions of brilliance {unknown}
Comestibles
 c - 3 chunks of flesh
 d - 5 rations


   Skills:
 - Level 2.4 Dodging
 - Level 2.4 Stealth
 - Level 4.4 Spellcasting
 - Level 5.2 Conjurations
 * Level 3.6 Summonings
 - Level 1.1 Translocations


You had one spell level left.
You knew the following spells:

 Your Spells              Type           Power        Failure   Level  Hunger
a - Magic Dart            Conj           ####         1%          1    None
b - Call Imp              Summ           ###.....     3%          2    None
c - Blink                 Tloc           N/A          9%          2    None
d - Conjure Flame         Conj/Fire      ###.....     10%         3    ##.....
e - Mephitic Cloud        Conj/Pois/Air  ##......     14%         3    ##.....

Your spell library contained the following spells:

 Spells                   Type           Power        Failure   Level  Hunger
 Slow                     Hex            #.......     14%         2    None


Dungeon Overview and Level Annotations

Branches:
Dungeon (3/15)

Altars:
Nemelex Xobeh
Zin


Message History

Your vision is briefly tinged with green.
The orc hits you with a +0 whip.
* * * LOW HITPOINT WARNING * * *
Casting: Mephitic Cloud (safe; 14% risk of failure)
Confirm with . or Enter, or press ? or * to list all spells.
Aiming: Mephitic Cloud (safe; 14% risk of failure)
Press: ? - help, Shift-Dir - straight line, f/p - orc
Aim: an orc, wielding a +0 whip and wearing a +0 chain mail (lightly wounded) That beam is likely to hit you.
Continue anyway?
The ball explodes into a vile cloud!
The stinking cloud engulfs the orc but does no damage.
The orc is lightly wounded.
The stinking cloud engulfs the orc priest but does no damage.
The stinking cloud engulfs you but does no damage.
The orc priest is engulfed in noxious fumes.
The orc priest appears confused.
The orc priest hits the orc but does no damage.
The orc is engulfed in noxious fumes.
The orc appears confused.
The orc hits you with a +0 whip!
You die...

#.# .# #.# ..
##.######## .#
#.......... .o
#..########
#o#######..#
#..........#
#..###○#######.##
......oo@......#
.....###########
... #


You could see an orc priest (confused) and an orc (confused).

Vanquished Creatures
  2 orc wizards (D:3)
  2 orc priests (D:3)
  4 adders (D:2)
  2 worms (D:2)
  A dart slug (D:2)
  2 leopard geckos (D:1)
  8 orcs (D:3)
  A ball python (D:1)
  5 giant cockroaches
  6 goblins
  6 hobgoblins
  2 jackals (D:1)
  7 kobolds
  2 quokkas (D:3)
  6 bats
  4 frilled lizards
  14 rats
74 creatures vanquished.

Notes
Turn   | Place    | Note
-------+----------+-------------------------------------------
     0 | D:1      | Exodus22XD the Deep Elf Wizard began the quest for the Orb.
     0 | D:1      | Reached XP level 1. HP: 10/10 MP: 7/7
    91 | D:1      | Reached skill level 2 in Conjurations
   130 | D:1      | Reached XP level 2. HP: 15/15 MP: 0/9
   368 | D:1      | Reached skill level 3 in Conjurations
   600 | D:1      | Reached XP level 3. HP: 19/19 MP: 5/10
   876 | D:2      | Found a glowing silver altar of Zin.
   876 | D:2      | Found a sparkling altar of Nemelex Xobeh.
   929 | D:2      | Reached skill level 4 in Conjurations
  1286 | D:2      | Reached XP level 4. HP: 24/24 MP: 10/12
  1703 | D:3      | Reached skill level 5 in Conjurations
  1786 | D:2      | Learned a level 2 spell: Call Imp
  1789 | D:2      | Learned a level 2 spell: Blink
  1793 | D:2      | Learned a level 3 spell: Conjure Flame
  1797 | D:2      | Learned a level 3 spell: Mephitic Cloud
  1844 | D:3      | Reached XP level 5. HP: 15/28 MP: 0/13
  2433 | D:3      | Slain by an orc

Skill      XL: |  1  2  3  4  5 |
---------------+----------------+-----
Conjurations   | 2 3 4 5 |  5.2
Summonings     | 2 3 |  3.6
Dodging        | |  2.4
Stealth        | |  2.4
Spellcasting   | |  4.4
Translocations | |  1.1

Action                   |  1- 3 |  4- 6 || total
-------------------------+-------+-------++-------
Melee: Dagger            |       |     5 ||     5
 Cast: Magic Dart        |    90 |    77 ||   167
       Mephitic Cloud    |       |     3 ||     3
  Use: Scroll            |       |     1 ||     1
       Potion            |       |     1 ||     1
  Eat: Chunk             |     1 |     4 ||     5
Armor: Robe              |     6 |       ||     6
Dodge: Dodged            |    30 |     8 ||    38
